 Dungeon Crawl Stone Soup version 0.23-a0-241-g3b46b07 (webtiles) character file.

364 mopl the Ruffian (level 6, -2/43 HPs)
             Began as a Barachi Transmuter on Sept 26, 2018.
             Slain by a mummy (14 damage)
             ... in an ossuary.
             The game lasted 00:11:46 (3217 turns).

mopl the Ruffian (Barachi Transmuter)               Turns: 3217, Time: 00:11:46

Health: -2/43      AC:  2    Str: 14    XL:     6   Next: 67%
Magic:  8/11       EV: 20    Int: 13    God:
Gold:   184        SH:  0    Dex: 17    Spells: 2/12 levels left

rFire    . . .     SeeInvis .     - Unarmed
rCold    . . .     Gourm    .   (shield currently unavailable)
rNeg     . . .     Faith    +   (armour currently unavailable)
rPois    x         Spirit   .   (helmet currently unavailable)
rElec    .         Reflect  .   (cloak currently unavailable)
rCorr    .         Harm     .   (gloves currently unavailable)
MR       .....                  (boots currently unavailable)
Stlth    ++........             c - amulet of faith {!P}
HPRegen  0.14/turn              (no ring)
MPRegen  0.12/turn              (no ring)

@: spider-form (expiring), can't hop, flying
A: tiny, +LOS, swims
a: End Transformation


You were in an ossuary.
You were not hungry.
You were a venomous arachnid creature.
You visited 1 branch of the dungeon, and saw 4 of its levels.
You also visited: Ossuary.

You collected 184 gold pieces.

Inventory:

Hand Weapons
 a - a +2 dagger of electrocution
 b - a +0 hunting sling (melded)
Missiles
 e - 54 arrows
 g - 20 sling bullets
 k - 38 stones (quivered)
Armour
 j - a +0 robe (melded)
Jewellery
 c - an amulet of faith (around neck) {!P}
Wands
 o - a wand of polymorph (13)
Scrolls
 h - 2 scrolls of identify {unknown}
 i - a scroll of fear {unknown}
 l - 2 scrolls of teleportation {unknown}
 m - a scroll of enchant weapon {unknown}
 r - a scroll of fog {unknown}
Potions
 f - 2 potions of curing
 n - a potion of flight
 p - a potion of heal wounds
Comestibles
 d - 7 rations
 q - a chunk of flesh


   Skills:
 - Level 1.2 Fighting
 - Level 2.1 Dodging
 * Level 5.6 Unarmed Combat
 + Level 3.6 Spellcasting
 + Level 3.8 Transmutations
 + Level 2.0 Ice Magic
 - Level 2.0 Poison Magic


You had 2 spell levels left.
You knew the following spells:

 Your Spells              Type           Power        Failure   Level  Hunger
a - Beastly Appendage     Tmut           ##....       13%         1    #......
b - Spider Form           Tmut/Pois      #.........   38%         3    ###....
d - Ice Form              Ice/Tmut       ##......     75%         4    #####..
w - Sticks to Snakes      Tmut           ##......     19%         2    ##.....

Your spell library contained the following spells:

 Spells                   Type           Power        Failure   Level  Hunger
 Blade Hands              Tmut           ##........   90%         5    ######.


Dungeon Overview and Level Annotations

Branches:
Dungeon (4/15)
 Temple: D:4-7

Altars:


Innate Abilities, Weirdness & Mutations

Shadows flee at your approach. (+LOS)
You can swim through water.
((You cover ground slowly.))
((You can hop short distances.))


Message History

You found an alarm trap!
You found a needle trap!
You found a net trap!
Your transformation is almost over.
An arrow hits the mummy!
A net drops to the ground!
You see here a throwing net.
Unknown command.
You found an alarm trap!
You found a needle trap!
You see here a throwing net.
You bite the mummy!
The mummy is severely damaged.
An arrow hits the mummy, but does no damage!
You hit the mummy.
The mummy is severely damaged.
The mummy hits you!!
* * * LOW HITPOINT WARNING * * *
Unknown command.
You hit the mummy.
The mummy is severely damaged.
The mummy hits you!
You die...

+.....+
#.....#
+.....+
#.....#
+.....+
#.^...#
+....^+
##.^...##
#...s^^.#
#..MMM..#
#...∩...#
#..^^...#
#...∩...#
#.......#
#....(..#
##....(##
#.....#


You could see 3 mummies.

Vanquished Creatures
  2 ogres (D:4)
  A worker ant (D:4)
  7 adders
  3 oozes
  5 worms
  A dart slug (D:2)
  5 leopard geckos
  3 orcs (D:4)
  A ball python (D:3)
  A giant cockroach (D:1)
  9 goblins
  8 hobgoblins
  9 kobolds
  4 quokkas
  7 bats
  3 frilled lizards
  5 rats
74 creatures vanquished.

Vanquished Creatures (collateral kills)
  A bat (D:1)
  A kobold (D:1)
2 creatures vanquished.

Grand Total: 76 creatures vanquished

Notes
Turn   | Place    | Note
-------+----------+-------------------------------------------
     0 | D:1      | mopl the Barachi Transmuter began the quest for the Orb.
     0 | D:1      | Reached XP level 1. HP: 15/15 MP: 3/3
   106 | D:1      | Reached XP level 2. HP: 4/21 MP: 3/5
   120 | D:1      | Learned a level 2 spell: Sticks to Snakes
   896 | D:1      | Reached skill level 4 in Unarmed Combat
   896 | D:1      | Reached XP level 3. HP: 18/26 MP: 4/6
   901 | D:1      | Learned a level 3 spell: Spider Form
  1618 | D:2      | Reached XP level 4. HP: 29/32 MP: 2/8
  1619 | D:2      | Reached skill level 1 in Poison Magic
  1620 | D:2      | Reached skill level 3 in Transmutations
  1791 | D:2      | Reached skill level 3 in Spellcasting
  2340 | D:3      | Reached XP level 5. HP: 37/37 MP: 5/9
  2357 | D:3      | Learned a level 4 spell: Ice Form
  2876 | D:4      | Noticed an ogre
  2888 | D:4      | Killed an ogre
  2888 | D:4      | Reached skill level 5 in Unarmed Combat
  2888 | D:4      | Reached skill level 1 in Ice Magic
  2912 | D:4      | Reached skill level 2 in Poison Magic
  2912 | D:4      | Reached XP level 6. HP: 14/43 MP: 6/11
  2994 | D:4      | Reached skill level 2 in Ice Magic
  3198 | D:4      | Found a sand-covered staircase.
  3203 | Ossuary  | Entered an ossuary
  3217 | Ossuary  | Slain by a mummy

Vault maps used:
D:1:      dpeg_arrival_brainrot
D:4:      lightli_ossuary_entry_decrepit_ruins, grunt_decor_arrowhead
Ossuary:  ossuary_the_hunt_dpeg

Skill      XL: |  1  2  3  4  5  6 |
---------------+-------------------+-----
Unarmed Combat | 4 5 |  5.6
Poison Magic   | 1 2 |  2.0
Transmutations | 3 |  3.8
Spellcasting   | 3 |  3.6
Ice Magic      | 1 2 |  2.0
Fighting       | |  1.2
Dodging        | |  2.1

Action                   |  1- 3 |  4- 6 || total
-------------------------+-------+-------++-------
Melee: Unarmed           |    45 |    39 ||    84
       Kick              |     3 |       ||     3
       Dagger            |    61 |    73 ||   134
       Headbutt          |     5 |       ||     5
       Punch             |     2 |     1 ||     3
 Fire: Hunting sling     |       |    31 ||    31
 Cast: Beastly Appendage |    10 |       ||    10
       Sticks to Snakes  |     3 |       ||     3
       Spider Form       |     1 |     7 ||     8
 Abil: Hop               |     2 |     3 ||     5
       End Transformatio |       |     2 ||     2
  Use: Potion            |       |     3 ||     3
 Stab: Sleeping          |     1 |     2 ||     3
       Distracted        |       |     1 ||     1
  Eat: Chunk             |     3 |     7 ||    10
Armor: Robe              |    33 |     8 ||    41
       Skin              |       |     1 ||     1
Dodge: Dodged            |    81 |    75 ||   156

Table legend:
 A = Non-vault XP
 B = Vault XP
 C = Vault XP percentage of total XP
 D = Non-vault monster count
 E = Vault monster count
 F = Vault count percentage of total count
                 A         B        C        D         E       F
            +---------+---------+-------+---------+---------+-------
      Total |     515 |       5 |   1.0 |      75 |       1 |   1.3
            +---------+---------+-------+---------+---------+-------
        D:1 |      41 |       5 |  10.9 |      21 |       1 |   4.5
        D:2 |     111 |       0 |   0.0 |      28 |       0 |   0.0
        D:3 |      34 |       0 |   0.0 |      15 |       0 |   0.0
        D:4 |     329 |       0 |   0.0 |      11 |       0 |   0.0
            +---------+---------+-------+---------+---------+-------
